 Dungeon Crawl Stone Soup version 0.27-a0-1101-ge311f74bc8 (webtiles) character file.

Game seed: 356985874472052956

1036 karrick the Magician (level 8, -4/52 HPs)
             Began as a Djinni Fire Elementalist on Apr 28, 2021.
             Slain by an ice beast (12 damage)
             ... on level 6 of the Dungeon.
             The game lasted 00:11:44 (6131 turns).

karrick the Magician (Djinni Fire Elementalist)     Turns: 6131, Time: 00:11:45

Health: -4/52      AC:  2    Str:  9    XL:     8   Next: 24%
Gold:   205        EV: 14    Int: 18    God:
                   SH:  0    Dex: 19

rFire    + + .     SeeInvis .   e - +0 dagger (venom)
rCold    x . .     Faith    .   (no shield)
rNeg     . . .     Spirit   .   a - +0 robe
rPois    ∞         Reflect  .   (no helmet)
rElec    .         Harm     .   (no cloak)
rCorr    .         Rampage  .   (no gloves)
Will     .....                  (boots unavailable)
Stlth    +++.......             (no amulet)
HPRegen  0.17/turn              j - +6 ring of dexterity
MPRegen  0.00/turn              (no ring)

@: flying
A: fire resistance 2, cold vulnerability 1, float, innate caster, hp casting,
extra vitality 1
a: no special abilities


You were on level 6 of the Dungeon.
You visited 1 branch of the dungeon, and saw 6 of its levels.

You collected 205 gold pieces.

Inventory:

Hand Weapons
 c - a +0 dagger
 e - a +0 dagger of venom (weapon)
Armour
 a - a +0 robe (worn)
Jewellery
 j - a +6 ring of dexterity (left hand)
Wands
 l - a wand of mindburst (14)
Scrolls
 b - a scroll of teleportation
 f - 5 scrolls of identify
 h - a scroll of enchant weapon {unknown}
 i - a scroll of vulnerability {unknown}
 m - a scroll of fear {unknown}
 p - a scroll of torment {unknown}
Potions
 d - a potion of curing {unknown}
 g - a potion of flight {unknown}
 k - a potion of lignification {unknown}
 n - a potion of might {unknown}
 o - a potion of haste {unknown}


   Skills:
 + Level 1.5 Fighting
 + Level 1.0 Short Blades
 + Level 3.5 Dodging
 + Level 3.0 Stealth
 + Level 7.4 Spellcasting


You couldn't memorise any spells.
You knew the following spells:

 Your Spells              Type           Power      Damage    Failure   Level
a - Foxfire               Conj/Fire      100%       2x1d9     1%          1
b - Conjure Flame         Conj/Fire      33%        6-21      1%          3
c - Inner Flame           Hex/Fire       33%        N/A       1%          3
d - Sticky Flame          Conj/Fire      33%        2d5       4%          4
e - Fireball              Conj/Fire      16%        3d8       14%         5
f - Pain                  Necr           100%       1d9       1%          1
g - Corpse Rot            Necr/Air       N/A        N/A       1%          2
h - Swiftness             Air            33%        N/A       1%          3
Your spell library was empty.

Dungeon Overview and Level Annotations

Branches:
Dungeon (6/15)
 Temple: D:4-7

Altars:
Ru

Shops:
D:1 :   D:5 [

Annotations:
D:2 Terence


Innate Abilities, Weirdness & Mutations

You are immune to poison.
Your flesh is very heat resistant. (rF++)
You are vulnerable to cold. (rC-)
You float through the air rather than walking.
You learn spells naturally, not from books.
Your magical power is your life essence.
You have superior vitality. (+4 HP)


Message History

Unknown command.
Casting: Foxfire (safe; 1% risk of failure)
Confirm with . or Enter, or press ? or * to list all spells.
You conjure some foxfire!
* * * LOW HITPOINT WARNING * * *
The foxfire hits the ice beast but does no damage.
The ice beast is moderately wounded.
The foxfire hits the ice beast.
The ice beast melts!
The ice beast is moderately wounded.
The ice beast completely misses you.
Casting: Foxfire (safe; 1% risk of failure)
Confirm with . or Enter, or press ? or * to list all spells.
You conjure some foxfire!
* * * LOW HITPOINT WARNING * * *
The foxfire hits the ice beast but does no damage.
The ice beast is moderately wounded.
The foxfire hits the ice beast.
The ice beast melts!
The ice beast is heavily wounded.
The ice beast closely misses you.
Casting: Foxfire (safe; 1% risk of failure)
Confirm with . or Enter, or press ? or * to list all spells.
You conjure some foxfire!
* * * LOW HITPOINT WARNING * * *
The foxfire hits the ice beast but does no damage.
The ice beast is heavily wounded.
The foxfire hits the ice beast!
The ice beast melts!
The ice beast is almost dead.
The ice beast closely misses you.
Casting: Foxfire (safe; 1% risk of failure)
Confirm with . or Enter, or press ? or * to list all spells.
You conjure some foxfire!
* * * LOW HITPOINT WARNING * * *
The foxfire hits the ice beast.
The ice beast melts!
The ice beast is almost dead.
The foxfire hits the ice beast.
The ice beast is almost dead.
The ice beast hits you.
* * * LOW HITPOINT WARNING * * *
The ice beast freezes you!
You feel a terrible chill!
You die...

#.##...####...#
#.#..≈..#.#...#
#...≈≈≈...#...#
.#..≈..#.'<..# §##....
####...#####+##
##.....####..##†#####...
#..!...#[#..............
.......#.#.v§...........
....YS.#.'.@§...........
W[...#.#Yv§...........
##'§#.#..............
#..§.##.##....##.....
############### #####


You could see an ice beast (ally target).

Vanquished Creatures
  A water moccasin (D:6)
  An ice beast (D:5)
  A bullfrog (D:6)
  2 scorpions (D:5)
  A water moccasin zombie (D:5)
  A water moccasin skeleton (D:5)
  3 wights (D:4)
  4 hounds
  A gnoll shaman (D:6)
  A bullfrog skeleton (D:5)
  2 orc wizards
  An iguana (D:4)
  A hound skeleton (D:4)
  A howler monkey zombie (D:6)
  5 gnolls
  3 adders
  4 dart slugs
  14 orcs
  4 ball pythons
  3 endoplasms
  4 giant cockroaches
  6 goblins
  3 hobgoblins
  2 jackals (D:4)
  2 quokkas
  3 bats
  3 frilled lizards
  A jackal skeleton (D:4)
  6 kobolds
  5 rats
89 creatures vanquished.

Vanquished Creatures (others)
  460 foxfires
460 creatures vanquished.

Grand Total: 549 creatures vanquished

Notes
Turn   | Place    | Note
-------+----------+-------------------------------------------
     0 | D:1      | karrick the Djinni Fire Elementalist began the quest for
                  | the Orb.
     0 | D:1      | Reached XP level 1. HP: 15/15 MP: 0/0
   381 | D:1      | Reached skill level 3 in Spellcasting
   381 | D:1      | Reached XP level 2. HP: 12/21 MP: 0/0
   743 | D:1      | Reached XP level 3. HP: 20/25 MP: 0/0
   743 | D:1      | Learned a level 1 spell: Pain
  1322 | D:1      | Found Lexkoor's Book Boutique.
  1771 | D:2      | Noticed Terence
  1926 | D:3      | Reached XP level 4. HP: 23/31 MP: 0/0
  1927 | D:3      | Reached skill level 4 in Spellcasting
  2807 | D:4      | Reached XP level 5. HP: 16/35 MP: 0/0
  2807 | D:4      | Learned a level 2 spell: Corpse Rot
  3163 | D:4      | Found a sacrificial altar of Ru.
  3801 | D:4      | Reached skill level 5 in Spellcasting
  3801 | D:4      | Reached XP level 6. HP: 37/41 MP: 0/0
  4055 | D:5      | Entered Level 5 of the Dungeon
  4074 | D:5      | Noticed an ice beast
  4083 | D:5      | Killed an ice beast
  4086 | D:5      | Reached XP level 7. HP: 36/46 MP: 0/0
  4086 | D:5      | Learned a level 3 spell: Swiftness
  4246 | D:5      | Reached skill level 6 in Spellcasting
  4532 | D:5      | Reached skill level 1 in Fighting
  4981 | D:5      | Reached skill level 1 in Short Blades
  5621 | D:5      | Found Tewopi's Antique Armour Boutique.
  5896 | D:6      | Reached skill level 7 in Spellcasting
  5896 | D:6      | Reached XP level 8. HP: 36/52 MP: 0/0
  5898 | D:6      | Noticed a vampire
  6131 | D:6      | Slain by an ice beast

Illustrated notes

Levels and vault maps discovered:
D:1:      evilmike_arrival_fibonacci_small, layout_basic, serial_shops,
          nicolae_shop_behind_doors
D:2:      layout_basic, uniq_terence
D:3:      layout_basic, minmay_statues_item
D:4:      layout_loops_ring, lemuel_coloured_pillars_altar
D:5:      layout_layer_cave, serial_shops, nicolae_shop_statue_plus,
          hangedman_decor_diamond_cutter
D:6:      layout_gridville, hangedman_glass_garden, st_stairs_4,
          amcnicky_mini_pool_small, kennysheep_opposing_triangles

Skill      XL: |  1  2  3  4  5  6  7  8 |
---------------+-------------------------+-----
Spellcasting   | 3 4 5 7 |  7.4
Stealth        | 2 3 |  3.0
Dodging        | 3 |  3.5
Fighting       | 1 |  1.5
Short Blades   | 1 |  1.0

Action                   |  1- 3 |  4- 6 |  7- 9 || total
-------------------------+-------+-------+-------++-------
Melee: Dagger            |     3 |     9 |       ||    12
 Cast: Foxfire           |    74 |    99 |   110 ||   283
       Corpse Rot        |       |     1 |       ||     1
  Use: Scroll            |       |     3 |       ||     3
 Stab: Sleeping          |       |     1 |       ||     1
Armor: Robe              |     2 |     8 |     3 ||    13
Dodge: Dodged            |     2 |    11 |    29 ||    42

Table legend: (Time is in decaauts)
 A = Elapsed time spent in this place.
 B = Non-inter-level travel time spent in this place.
 C = Inter-level travel time spent in this place.
 D = Time resting spent in this place.
 E = Time spent auto-exploring this place.
 F = Levels seen in this place.
 G = Mean time per level.
                   A        B        C        D        E       F      G
               +--------+--------+--------+--------+--------+-----+--------+
         Total |   6129 |   5938 |    191 |      0 |   5318 |   6 | 1021.5 |
       Dungeon |   6129 |   5938 |    191 |      0 |   5318 |   6 | 1021.5 |
               +--------+--------+--------+--------+--------+-----+--------+

Top non-repeatable levels by time:
     D:5: 1851 daAuts
     D:1: 1645 daAuts
     D:4: 1298 daAuts
     D:3: 965 daAuts
     D:6: 224 daAuts
     D:2: 143 daAuts
